 Dungeon Crawl Stone Soup version 0.28.0-47-ge53b351184 (webtiles) character file.

Game seed: 12285268608610465854

1568 101zpm the Thaumaturge (level 9, -6/58 HPs)
             Began as a Djinni Ice Elementalist on Apr 26, 2022.
             Killed by nerve-wracking pain
             ... invoked by a shadow imp
              (9 damage)
             ... on level 6 of the Dungeon.
             The game lasted 00:15:13 (7755 turns).

101zpm the Thaumaturge (Djinni Ice Elementalist)    Turns: 7755, Time: 00:15:14

Health: -6/58      AC:  9    Str:  7    XL:     9   Next: 13%
Gold:   357        EV: 13    Int: 21    God:
                   SH:  0    Dex: 14

rFire   + + .      SeeInvis +   r - +2 flail (venom)
rCold   x . .      Faith    .   (no shield)
rNeg    . . .      Spirit   .   a - +0 robe
rPois   ∞          Reflect  .   (no helmet)
rElec   .          Harm     .   (no cloak)
rCorr   .          Rampage  .   (no gloves)
Will    .....                   (boots unavailable)
Stlth   ++........              (no amulet)
HPRegen 0.19/turn               o - ring of see invisible
MPRegen 0.00/turn               (no ring)

@: ice-armoured (expiring), freezing walls, flying
A: sickness immunity, fire resistance 2, cold vulnerability 1, float, innate
caster, HP casting, extra vitality 1
a: no special abilities


You were on level 6 of the Dungeon.
You visited 1 branch of the dungeon, and saw 6 of its levels.

You collected 357 gold pieces.

Inventory:

Hand Weapons
 r - a +2 flail of venom (weapon)
Missiles
 f - a throwing net
Armour
 a - a +0 robe (worn)
 v - a +0 tower shield
Jewellery
 o - a ring of see invisible (left hand)
Wands
 q - a wand of iceblast (7)
 t - a wand of paralysis (6)
Scrolls
 b - a scroll of immolation {unknown}
 e - 3 scrolls of identify {unknown}
 h - a scroll of blinking {unknown}
 j - 2 scrolls of torment {unknown}
 k - 4 scrolls of teleportation {unknown}
 l - a scroll of fear {unknown}
 m - a scroll of magic mapping {unknown}
 s - a scroll of vulnerability {unknown}
Potions
 c - a potion of cancellation {unknown}
 d - a potion of degeneration {unknown}
 g - 2 potions of brilliance {unknown}
 i - 2 potions of mutation {unknown}
 n - a potion of might {unknown}
 p - 2 potions of curing {unknown}
 u - a potion of attraction {unknown}


   Skills:
 + Level 2.0 Fighting
 + Level 0.7 Maces & Flails
 + Level 3.7 Dodging
 + Level 2.6 Stealth
 + Level 8.3 Spellcasting


You had 4 spell levels left.
You knew the following spells:

 Your Spells              Type           Power      Damage    Failure   Level
a - Freeze                Ice            100%       1d11      1%          1
b - Frozen Ramparts       Ice            86%        1d10      1%          3
c - Ozocubu's Armour      Ice            43%        N/A       1%          3
d - Hailstorm             Conj/Ice       43%        3d10      2%          4
e - Sting                 Tmut/Pois      100%       1d8       1%          1
f - Scorch                Fire           86%        2d9       1%          2
g - Dazzling Flash        Conj/Hex       86%        N/A       1%          3
h - Summon Guardian Gole  Hex/Summ       43%        N/A       1%          3
Your spell library was empty.

Dungeon Overview and Level Annotations

Branches:
Dungeon (6/15)             Temple (0/1) D:5

Altars:

Annotations:
D:4 4 runed translucent doors


Innate Abilities, Weirdness & Mutations

You are immune to sickness and miasma.
You are immune to poison.
Your flesh is very heat resistant. (rF++)
You are vulnerable to cold. (rC-)
You float through the air rather than walking.
You learn spells naturally, not from books.
Your magical power is your life essence.
You have superior vitality. (+4 MHP)


Message History

Press: ? - help, Q - select action, (/) - cycle Shift-Dir - straight line, f - ogre
Aim: an ogre, wielding a +0 giant club (moderately wounded)
You freeze the ogre!
The ogre is severely wounded.
* * * LOW HITPOINT WARNING * * *
The wall freezes the ogre.
The ogre closely misses you.
Aiming: Freeze (safe; 1% risk of failure)
Press: ? - help, Q - select action, (/) - cycle Shift-Dir - straight line, f/p - ogre
Aim: an ogre, wielding a +0 giant club (severely wounded, ally target)
You freeze the ogre.
The ogre is severely wounded.
* * * LOW HITPOINT WARNING * * *
The wall freezes the ogre!
You kill the ogre!
You start resting.
A shadow imp comes into view.
What are your orders? t - Shout!
Orders for allies: a - Attack new target. r - Retreat! s - Stop attacking. g - Guard the area. f - Follow me.
Anything else - Cancel.
Gang up on whom?
Press: ? - help, Dir - move target, f - shadow imp
Aim: a shadow imp Attack!
Your icy armour starts to melt.
The shadow imp disappears for a moment.
The frozen ramparts melt away.
The shadow imp hits your guardian golem but does no damage.
Casting: Freeze (safe; 1% risk of failure)
Confirm with . or Enter, or press ? or * to list all spells.
Casting: Frozen Ramparts (safe; 1% risk of failure)
Press: ? - help, Dir - look around, f - activate A stone staircase leading up.
The walls around you are covered in ice.
* * * LOW HITPOINT WARNING * * *
The shadow imp gestures at you. Pain shoots through your body!
You die...

## ####....#
.. .......
#. ......
....... #
.#.95 #. ...
#..#†#
#...@#
#.#.)†<....#
....##+##.#
#.#.## #...
#... ...
....


You could see a shadow imp (ally target) and a friendly guardian golem
(summoned).

Vanquished Creatures
  Edmund (D:4)
  A necrophage (D:6)
  A hornet zombie (D:5)
  An ice beast (D:5)
  An ogre (D:6)
  2 phantoms (D:5)
  A bullfrog (D:4)
  4 scorpions
  A wyvern skeleton (D:6)
  A water moccasin skeleton (D:5)
  A howler monkey (D:6)
  An orc priest (D:3)
  2 hounds
  2 iguanas
  2 centaur skeletons
  Ijyb (D:5)
  A scorpion zombie (D:4)
  2 hound skeletons (D:4)
  Robin (D:4)
  8 gnolls
  4 adders
  3 worms
  2 adder skeletons (D:4)
  3 dart slugs
  7 orcs
  10 endoplasms
  4 giant cockroaches
  13 goblins
  9 hobgoblins
  7 quokkas
  14 ball pythons
  5 bats
  3 frilled lizards
  5 kobolds
  3 rats
127 creatures vanquished.

Notes
Turn   | Place    | Note
-------+----------+-------------------------------------------
     0 | D:1      | 101zpm the Djinni Ice Elementalist began the quest for the
                  | Orb.
     0 | D:1      | Reached XP level 1. HP: 15/15 MP: 0/0
   502 | D:1      | Reached XP level 2. HP: 18/21 MP: 0/0
  1112 | D:1      | Reached XP level 3. HP: 21/25 MP: 0/0
  1112 | D:1      | Learned a level 1 spell: Sting
  1544 | D:2      | Reached skill level 4 in Spellcasting
  1723 | D:2      | Found a faded altar of an unknown god.
  1880 | D:2      | Reached XP level 4. HP: 17/31 MP: 0/0
  2494 | D:3      | Reached XP level 5. HP: 6/35 MP: 0/0
  2494 | D:3      | Learned a level 2 spell: Scorch
  3971 | D:4      | Reached skill level 5 in Spellcasting
  4249 | D:4      | Reached XP level 6. HP: 32/41 MP: 0/0
  4608 | D:4      | Found a large runed translucent door.
  4608 | D:4      | Found a large runed translucent door.
  4612 | D:4      | Noticed a yak
  4617 | D:4      | Found a large runed translucent door.
  4617 | D:4      | Found a large runed translucent door.
  4942 | D:4      | Noticed Edmund
  4951 | D:4      | Killed Edmund
  4952 | D:4      | Reached XP level 7. HP: 18/46 MP: 0/0
  4952 | D:4      | Learned a level 3 spell: Dazzling Flash
  5362 | D:4      | Reached skill level 6 in Spellcasting
  5540 | D:4      | Reached skill level 1 in Fighting
  5849 | D:4      | Noticed Robin
  5854 | D:4      | Killed Robin
  6390 | D:5      | Entered Level 5 of the Dungeon
  6410 | D:5      | Reached XP level 8. HP: 50/54 MP: 0/0
  6575 | D:5      | Reached skill level 7 in Spellcasting
  6775 | D:5      | Noticed Ijyb
  6787 | D:5      | Killed Ijyb
  6910 | D:5      | Found a staircase to the Ecumenical Temple.
  7736 | D:6      | Reached skill level 8 in Spellcasting
  7736 | D:6      | Reached XP level 9. HP: 24/58 MP: 0/0
  7736 | D:6      | Learned a level 3 spell: Summon Guardian Golem
  7755 | D:6      | Killed from afar by a shadow imp

Illustrated notes

Levels and vault maps discovered:
D:1:      amcnicky_arrival_flooded_fountain, layout_basic, serial_forest,
          infiniplex_forest_lined_4_way, infiniplex_forest_join,
          infiniplex_forest_straight_2, infiniplex_forest_clump_curved,
          infiniplex_forest_end_2, infiniplex_forest_clump_small,
          infiniplex_forest_split, infiniplex_forest_lined_2,
          infiniplex_forest_lined_room_, infiniplex_forest_corner_1
D:2:      layout_rooms, nicolae_ecumenical_lake_church
D:3:      layout_loops_ring
D:4:      layout_basic, minmay_hollow_rounded_squares, uniq_edmund, uniq_robin
D:5:      layout_basic, minmay_temple_entry_crystal_x, uniq_ijyb
D:6:      minmay_evil_eye, layout_basic, mainiacjoe_overflow_tiny_flanked

Skill      XL: |  1  2  3  4  5  6  7  8 |
---------------+-------------------------+-----
Spellcasting   | 4 5 6 8 |  8.3
Dodging        | 3 |  3.7
Fighting       | 1 2 |  2.0
Stealth        | 2 |  2.6
Maces & Flails | |  0.7

Action                   |  1- 3 |  4- 6 |  7- 9 || total
-------------------------+-------+-------+-------++-------
Melee: Unarmed           |     2 |     2 |       ||     4
       Flail             |       |       |    14 ||    14
       Punch             |       |       |     1 ||     1
 Cast: Freeze            |    45 |    71 |    20 ||   136
       Frozen Ramparts   |     2 |     9 |    16 ||    27
       Ozocubu's Armour  |       |     4 |     4 ||     8
       Scorch            |       |    16 |    47 ||    63
       Sting             |       |     1 |       ||     1
       Summon Guardian G |       |       |     1 ||     1
 Stab: Sleeping          |     1 |       |       ||     1
Armor: Robe              |     8 |    10 |     9 ||    27
Dodge: Dodged            |    22 |    47 |    38 ||   107
